 Dungeon Crawl Stone Soup version 0.29-a0-194-g6e3aafee17 (webtiles) character file.

Game seed: 11884409148722531488

11 cyrus the Skirmisher (level 2, 0/27 HPs)
             Began as a Hill Orc Monk on Feb 22, 2022.
             Succumbed to an adder's poison
             ... on level 1 of the Dungeon.
             The game lasted 00:01:29 (923 turns).

cyrus the Skirmisher (Hill Orc Monk)                 Turns: 923, Time: 00:01:30

Health: 0/27       AC:  5    Str: 13    XL:     2   Next: 25%
Magic:  2/2        EV: 11    Int: 10    God:
Gold:   66         SH:  0    Dex: 13    Spells: 1/1 levels left

rFire   . . .      SeeInvis .   a - +0 falchion
rCold   . . .      Faith    .   (no shield)
rNeg    . . .      Spirit   .   f - +0 ring mail
rPois   .          Reflect  .   (no helmet)
rElec   .          Harm     .   (no cloak)
rCorr   .          Rampage  .   (no gloves)
Will    .....                   (no boots)
Stlth   +.........              (no amulet)
HPRegen 0.09/turn               (no ring)
MPRegen 0.08/turn               (no ring)

@: lethally poisoned (0 -> -5)
A: no striking features
a: no special abilities


You were on level 1 of the Dungeon.
You visited 1 branch of the dungeon, and saw 2 of its levels.

You collected 66 gold pieces.

Inventory:

Hand Weapons
 a - a +0 falchion (weapon)
Armour
 b - a +0 robe
 f - a +0 ring mail (worn)
Scrolls
 c - a scroll of noise {unknown}
 d - a scroll of identify {unknown}
 i - a scroll of torment {unknown}
 j - a scroll of fog {unknown}
 k - a scroll of enchant weapon {unknown}
Potions
 e - a potion of flight {unknown}
 g - a potion of resistance {unknown}
 h - a potion of degeneration {unknown}


   Skills:
 + Level 3.9 Fighting
 + Level 3.4 Long Blades
 + Level 2.7 Dodging
 + Level 1.6 Stealth


You had one spell level left.
You didn't know any spells.
Your spell library contained the following spells:

 Spells                   Type           Power      Damage    Failure   Level
 Corpse Rot               Necr/Air       0%         N/A       77%         2
 Poisonous Vapours        Pois/Air       0%         N/A       77%         2
 Tukima's Dance           Hex            0%         N/A       94%         3
 Anguish                  Hex/Necr       0%         N/A       100%        4
 Enfeeble                 Hex            0%         N/A       100%        7


Dungeon Overview and Level Annotations

Branches:
Dungeon (2/15)

Altars:


Message History

The endoplasm jiggles.
You climb upwards.
There is a stone staircase leading down, spattered with blood here.
The adder bites you but does no damage. The adder closely misses you.
You hit the adder.
The adder is lightly wounded.
The adder closely misses you.
You hit the adder.
The adder is heavily wounded.
The adder bites you. x2
You hit the adder but do no damage.
The adder is heavily wounded.
The adder bites you.
You miss the adder.
The adder is heavily wounded.
The adder barely misses you.
You closely miss the adder.
The adder is heavily wounded.
The adder closely misses you. The adder bites you.
You are poisoned.
The adder poisons you!
You hit the adder.
The adder is severely wounded.
* * * LOW HITPOINT WARNING * * *
You feel sick. The adder closely misses you.
You hit the adder but do no damage.
The adder is severely wounded.
* * * LOW HITPOINT WARNING * * *
You feel sick. The adder closely misses you. The adder barely misses you.
You miss the adder.
The adder is severely wounded.
* * * LOW HITPOINT WARNING * * *
You feel sick. The adder bites you.
* * * LOW HITPOINT WARNING * * *
You are more poisoned.
The adder poisons you!
* * * LOW HITPOINT WARNING * * *
You feel sick. The adder misses you.
There is a stone staircase leading down, spattered with blood here.
You die...

##..#...##
#..............#
....##...##
##.###########.#
...###.(..#
#.#....#....#.####
...# ##.<.#
#.#.##.#.##.#....#
...# #...#
#.#.##.#.##.####.#
..## #.#.#
##.#.##.......# #.#
..# #.###
#....##...##..###.#
.## ##.#
#....#............. .#
##..##
####.@..##...#######.#
## #.#..#
#....>#.##...# #.. #
#.#..# #.###.S.###..#
#.. # ##.#.###.#
#........# ##.
##.#..##.# #.######.##
#. #.###.#..# #.#
#..## #. ##.# #....#
#.### #...# #. #.##
##...# #...# ##...# #.
###.# #...# #..##
#ยง..# #.


You could see an adder.

Vanquished Creatures
  2 ball pythons (D:1)
  3 bats (D:1)
  An endoplasm (D:1)
  2 hobgoblins (D:1)
  A goblin (D:1)
9 creatures vanquished.

Notes
Turn   | Place    | Note
-------+----------+-------------------------------------------
     0 | D:1      | cyrus the Hill Orc Monk began the quest for the Orb.
     0 | D:1      | Reached XP level 1. HP: 19/19 MP: 1/1
   447 | D:1      | Reached XP level 2. HP: 25/27 MP: 2/2
   922 | D:1      | HP: 1/27 [poisoned by an adder]
   923 | D:1      | Succumbed to an adder's poison

Illustrated notes

Levels and vault maps discovered:
D:1:      dpeg_arrival_arbitrary_a, layout_basic, lemuel_flame_loot_1
D:2:      layout_rooms, shapermc_ecumenical_altar_mp_vishouse

Action                   || total
-------------------------++-------
Melee: Falchion          ||    32
Armor: Robe              ||     6
       Ring mail         ||     5
Dodge: Dodged            ||    47

Table legend: (Time is in decaauts)
 A = Elapsed time spent in this place.
 B = Non-inter-level travel time spent in this place.
 C = Inter-level travel time spent in this place.
 D = Time resting spent in this place.
 E = Time spent auto-exploring this place.
 F = Levels seen in this place.
 G = Mean time per level.
                   A        B        C        D        E       F      G
               +--------+--------+--------+--------+--------+-----+--------+
         Total |    927 |    910 |     17 |      0 |    731 |   2 |  463.5 |
       Dungeon |    927 |    910 |     17 |      0 |    731 |   2 |  463.5 |
               +--------+--------+--------+--------+--------+-----+--------+

Top non-repeatable levels by time:
     D:1: 915 daAuts
     D:2: 12 daAuts
